AoeStats
← xlChupalx

Arabia

505477269Analyzed
2v2 RM · 21d ago on Sep 9, 2026· 55m 52s· 4 players
Game mode
Random Map
Map size
Medium (4 player)
Population
200
Speed
Normal
Resources
Standard
Victory
Conquest
Starting age
Dark Age
Ending age
Imperial Age
RankedLock teamsTeams togetherTeam positionsShared explorationLock speedFull tech treeHidden civsTurbo modeCheats
Victory
Defeat
🇺🇸 Vikings · United States
958
+16
🇺🇸 Persians · United States
951
+16
🇬🇧 Poles · United Kingdom
974
-17
🇹🇷 Ethiopians · Türkiye
926
-15
Hopsie7806
9:20 Loom
11:38 Feudal Age
12:04 Double-Bit Axe
12:00 Horse Collar
20:15 Castle Age
19:51 Fletching
21:44 Wheelbarrow
22:40 Bow Saw
24:14 Forging
24:10 Scale Barding Armor
25:53 Heavy Plow
26:56 Hand Cart
27:48 Bloodlines
30:02 Light Cavalry
33:43 Coinage
33:52 Iron Casting
33:37 Chain Barding Armor
33:13 Bodkin Arrow
33:29 Stone Mining
33:31 Gold Mining
37:23 Ballistics
43:24 Imperial Age
43:38 Winged Hussar
48:39 Blast Furnace
51:23 Cavalier
51:56 Cavalier
DOLAREX
12:35 Feudal Age
11:35 Loom
13:38 Gold Mining
13:30 Horse Collar
13:39 Double-Bit Axe
21:59 Castle Age
20:43 Fletching
23:08 Bow Saw
23:35 Gold Shaft Mining
22:52 Crossbowman
27:45 Thumb Ring
29:15 Ballistics
31:11 Squires
37:10 Imperial Age
35:28 Squires
37:34 Halberdier
40:43 Padded Archer Armor
43:10 Arbalester
45:04 Chemistry
xlChupalx
7:08 Loom
9:55 Feudal Age
11:31 Man-at-Arms
14:28 Town Watch
15:03 Double-Bit Axe
16:09 Forging
16:05 Arson
16:31 Horse Collar
22:40 Castle Age
22:48 Long Swordsman
22:48 Pikeman
23:30 Squires
27:32 Gambesons
36:06 Imperial Age
36:56 Iron Casting
36:21 Scale Mail Armor
38:08 Two-Handed Swordsman
44:29 Champion
48:40 Chieftains
49:03 Conscription
52:11 Spies/Treason
Lousy Shot Marc
7:53 Loom
10:09 Feudal Age
10:54 Double-Bit Axe
12:00 Horse Collar
13:14 Fletching
13:25 Padded Archer Armor
20:29 Castle Age
18:51 Gold Mining
20:05 Scale Barding Armor
20:11 Forging
20:28 Bloodlines
21:01 Husbandry
21:25 Bow Saw
24:13 Gold Shaft Mining
25:24 Iron Casting
28:39 Leather Archer Armor
30:26 Chain Barding Armor
32:03 Elite Skirmisher
32:51 Thumb Ring
33:56 Heavy Plow
40:18 Imperial Age
38:24 Wheelbarrow
37:35 Town Watch
40:29 Cavalier
42:08 Plate Barding Armor
42:34 Blast Furnace
42:22 Citadels
42:34 Conscription
43:22 Kamandaran
45:56 Bodkin Arrow
46:32 Ring Archer Armor
46:26 Savar
48:32 Chemistry
47:31 Murder Holes
47:47 Masonry
Connection lost

Rejoining the realm…

Still unreachable

The connection could not be restored.

Session expired

The server has moved on; the page needs a fresh start.